Map: Dusk Towers

Players

LilDicky - Winner!

  • Race: Terran Terran
  • League: Diamond

Future

  • Race: Protoss Protoss
  • League: Gold

VOD

http://www.twitch.tv/tumescentpie

Description

Time

  • Played on: Dec. 13, 2015, 7:15 p.m.
  • Length: 5:30
Show
View Real Time Build Order
Export as new Build Order

LilDicky Terran - Winner!

Build Orders:  

Get SALT Encoding   

  12  0:02  SCV  
  13  0:17  SCV  
  14  0:22  Supply Depot  
  14  0:29  SCV  
  15  0:44  SCV  
  15  0:48  Barracks  
  16  0:56  SCV  
  17  1:05  Barracks  
  17  1:09  SCV, Barracks  
  18  1:21  SCV  
  19  1:34  Orbital Command  
  19  1:35  Marine  
  20  1:40  Supply Depot  
  20  1:53  Marine  
  21  1:54  Marine  
  21  1:57  Marine  
  23  2:02  SCV  
  23  2:07  Supply Depot  
  24  2:11  Marine  
  24  2:12  Marine  
  24  2:14  SCV, Marine  
  28  2:26  SCV  
  28  2:29  Marine  
  30  2:30  Marine  
  30  2:32  Supply Depot, Marine  
  32  2:39  SCV  
  33  2:47  Marine x2  
  33  2:50  Marine  
  36  3:01  SCV  
  36  3:05  Marine x2  
  38  3:08  Marine  
  40  3:13  SCV  
  41  3:22  Marine  
  41  3:23  Marine  
  41  3:26  Marine  
  38  3:43  Marine x2  
  38  3:44  Marine  
  40  3:59  Command Center  
  40  4:01  SCV, Marine x2  
  40  4:13  Marine  
  40  4:19  Marine x2  
  40  4:31  Marine  
  40  4:53  SCV, Marine x3  
  40  4:58  Supply Depot  
  40  5:05  SCV  
  40  5:10  Marine x3  
Show
View Real Time Build Order
Export as new Build Order

Future Protoss 

Build Orders: 1 Gate Expand 

Get SALT Encoding   

  12  0:01  Probe (Chrono Boost)  
  13  0:11  Probe (Chrono Boost)  
  14  0:19  Pylon  
  14  0:25  Probe (Chrono Boost)  
  15  0:40  Gateway  
  15  0:47  Probe (Chrono Boost)  
  16  1:13  Nexus  
  16  1:17  Probe (Chrono Boost)  
  17  1:28  Probe (Chrono Boost)  
  17  1:31  Assimilator  
  18  1:38  Cybernetics Core  
  18  1:52  Zealot  
  20  1:56  Pylon  
  20  2:03  Probe (Chrono Boost), Assimilator  
  21  2:13  Probe (Chrono Boost)  
  22  2:32  Probe x2 (Chrono Boost)  
  22  2:35  Stalker  
  26  2:43  Probe (Chrono Boost)  
  27  2:58  Forge  
  27  3:00  Gateway  
  29  3:20  Gateway  
Tags
 
Add a new tag
Caveats
  • Supply blocks, unpowered buildings, or Contaminate may cause inaccurate times.
  • Supply counts are checked every 10 seconds.